 Dungeon Crawl Stone Soup version 0.19.0 (webtiles) character file.

124 Jraekied the Chiller (level 4, 0/30 HPs)
             Began as a Demonspawn Ice Elementalist on Nov 16, 2016.
             Slain by a gnoll
             ... wielding a +0 club
              (7 damage)
             ... on level 2 of the Dungeon.
             The game lasted 00:06:20 (2558 turns).

Jraekied the Chiller (Demonspawn Ice Elementalist)  Turns: 2558, Time: 00:06:21

Health: 0/30       AC:  2    Str:  8    XL:     4   Next: 81%
Magic:  2/8        EV: 14    Int: 18    God:
Gold:   88         SH:  0    Dex: 13    Spells: 3 memorised, 3 levels left

rFire  . . .     SeeInvis .     i - +0 dagger (venom)
rCold  . . .     Gourm    .     a - +0 robe
rNeg   . . .     Faith    .     (no shield)
rPois  .         Spirit   .     (no helmet)
rElec  .         Reflect  .     (no cloak)
rCorr  .         Harm     .     (no gloves)
MR     .....                    (no boots)
Stlth  ++........               (no amulet)
                                (no ring)
                                (no ring)

@: no status effects
A: repulsion field 1, powered by death 1
a: no special abilities


You were on level 2 of the Dungeon.
You were very hungry.

You visited 1 branch of the dungeon, and saw 3 of its levels.

You collected 88 gold pieces.

Inventory:

Hand Weapons
 i - a +0 dagger of venom (weapon)
Armour
 a - a +0 robe (worn)
 n - a +0 cloak (quivered)
Wands
 l - a wand of paralysis (8/24)
Scrolls
 d - a scroll of immolation {unknown}
 e - 2 scrolls of amnesia {unknown}
 h - 2 scrolls of identify {unknown}
Potions
 g - a potion of ambrosia {unknown}
 j - a potion of curing {unknown}
 k - a potion of agility {unknown}
 m - a potion of heal wounds {unknown}
Books
 b - a book of Frost

   Spells                             Type                      Level
   a - Freeze                         Ice                          1
   b - Throw Frost                    Conjuration/Ice              2
   c - Ozocubu's Armour               Charms/Ice                   3
   d - Throw Icicle                   Conjuration/Ice              4
   e - Summon Ice Beast               Ice/Summoning                4
Comestibles
 c - 3 bread rations
 f - 3 fruits


   Skills:
 - Level 1.7 Dodging
 - Level 1.7 Stealth
 + Level 3.1 Spellcasting
 - Level 1.0 Conjurations
 + Level 1.3 Charms
 * Level 4.0 Ice Magic


You had 3 spell levels left.
You knew the following spells:

 Your Spells              Type           Power        Failure   Level  Hunger
a - Freeze                Ice            ###.         3%          1    None
b - Throw Frost           Conj/Ice       ##....       12%         2    ##.....
c - Ozocubu's Armour      Chrm/Ice       ##......     21%         3    ###....


Dungeon Overview and Level Annotations

Branches:
Dungeon (3/15)

Altars:
Ashenzari
Dithmenos


Innate Abilities, Weirdness & Mutations

You are surrounded by a mild repulsion field. (EV +2)
You regenerate a little health from kills.


Message History

* * * LOW HITPOINT WARNING * * *
The gnoll barely misses you.
You climb upwards.
There is a stone staircase leading down here.
Casting: Freeze
Confirm with . or Enter, or press ? or * to list all spells.
Aiming: Freeze
Press: ? - help, Shift-Dir - straight line, f - gnoll
Aim: a gnoll, wielding a club You freeze the gnoll.
The gnoll is lightly wounded.
Casting: Freeze
Confirm with . or Enter, or press ? or * to list all spells.
Aiming: Freeze
Press: ? - help, Shift-Dir - straight line, f/p - gnoll
Aim: a gnoll, wielding a club (lightly wounded)
You freeze the gnoll.
The gnoll is moderately wounded.
The gnoll hits you with a club!
You die...

............♣♣ ♣♣#..)#
#........
######.......♣♣♣♣.)...#
##.#...#.
######........♣..♣#...#
#........
.....#..#....♣.♣♣♣#####
##.....#. ####.#..###♣♣♣♣♣
###...#. # #.#..# #...##
#.#..####################...##
#.........##.gg.........#.....
#............@..........'.....
##
#..............##.......#..)..
.#
#.....(.#......##.......#.....
.#
#.......#...............#.....
.#
#.#######..........######.....
.# #.# #..........##.........
.###.#
####..........##.......##
...#.#
##.........###.##........#
...#.###.........##
#.##........#


You could see 2 gnolls.

Vanquished Creatures
  Crazy Yiuf (D:2)
  Ijyb (D:2)
  2 adders (D:2)
  An ooze (D:1)
  2 leopard geckos (D:2)
  2 bats (D:1)
  10 goblins
  5 hobgoblins (D:1)
  8 jackals
  A frilled lizard (D:1)
  4 kobolds
  7 rats (D:1)
44 creatures vanquished.

Notes
Turn   | Place    | Note
-------+----------+-------------------------------------------
     0 | D:1      | Jraekied the Demonspawn Ice Elementalist began the quest for the Orb.
     0 | D:1      | Reached XP level 1. HP: 13/13 MP: 3/3
   478 | D:1      | Reached skill level 3 in Ice Magic
   478 | D:1      | Gained mutation: You are surrounded by a mild repulsion field. (EV +2) [demonic ancestry]
   478 | D:1      | Reached XP level 2. HP: 19/19 MP: 1/5
   482 | D:1      | Learned a level 2 spell: Throw Frost
  1168 | D:1      | Reached XP level 3. HP: 23/24 MP: 2/7
  1289 | D:1      | Learned a level 3 spell: Ozocubu's Armour
  1549 | D:2      | Found a runed door.
  1562 | D:2      | Noticed Ijyb
  1580 | D:2      | Killed Ijyb
  1703 | D:2      | Gained mutation: You regenerate a little health from kills. [demonic ancestry]
  1703 | D:2      | Reached XP level 4. HP: 30/30 MP: 0/8
  1873 | D:2      | Reached skill level 1 in Charms
  2069 | D:2      | Found a shadowy altar of Dithmenos.
  2071 | D:2      | Found a shattered altar of Ashenzari.
  2510 | D:2      | Noticed Crazy Yiuf
  2520 | D:2      | Killed Crazy Yiuf
  2520 | D:2      | Reached skill level 4 in Ice Magic
  2558 | D:2      | Slain by a gnoll

Skill      XL: |  1  2  3  4 |
---------------+-------------+-----
Ice Magic      | 3 4 |  4.0
Spellcasting   | 3 |  3.1
Charms         | 1 |  1.3
Dodging        | |  1.7
Stealth        | |  1.7
Conjurations   | |  1.0

Action                   |  1- 3 |  4- 6 || total
-------------------------+-------+-------++-------
Melee: Unarmed           |    21 |       ||    21
       Dagger            |    11 |    44 ||    55
 Cast: Freeze            |    48 |    14 ||    62
       Throw Frost       |     2 |     1 ||     3
       Ozocubu's Armour  |     2 |     1 ||     3
 Stab: Sleeping          |       |     1 ||     1
  Eat: Chunk             |     2 |     2 ||     4
       Fruit             |       |     1 ||     1
Armor: Robe              |    10 |     7 ||    17
Dodge: Dodged            |    52 |    48 ||   100
